Map: New Repugnancy LE

Players

Oklan

  • Race: Terran Terran
  • Spawn Location: 1:00

Throwfordays - Winner!

  • Race: Zerg Zerg
  • League: Silver
  • Spawn Location: 7:00

VOD

Have the link to the VOD?

Description

Time

  • Played on: March 20, 2019, 10:51 p.m.
  • Length: 7:54
Show
View Real Time Build Order
Export as new Build Order

Oklan Terran 

Build Orders:  

Get SALT Encoding   

  12  0:20  Supply Depot  
  12  0:24  SCV  
  13  0:33  Refinery  
  13  0:36  Refinery  
  13  0:48  Barracks  
  13  0:54  SCV  
  14  1:06  SCV  
  15  1:18  SCV  
  16  1:31  SCV  
  17  1:43  SCV  
  18  1:48  Supply Depot  
  18  1:54  Barracks Reactor  
  18  1:55  SCV  
  19  2:07  SCV  
  20  2:19  SCV  
  20  2:22  Factory  
  21  2:28  Supply Depot  
  21  2:42  Reaper  
  22  2:53  Engineering Bay  
  22  2:56  Command Center  
  22  3:19  Barracks  
  22  3:33  Marine x2  
  23  4:06  Marine x2  
  25  4:11  Factory Tech Lab  
  25  4:19  Command Center  
  25  4:20  SCV  
  26  4:31  Barracks Tech Lab  
  26  4:32  Marine x2  
  26  4:33  SCV  
  29  4:40  Supply Depot  
  29  4:50  Marine x2  
  31  5:08  Marine x2  
  31  5:09  Bunker  
  33  5:25  Marine  
  33  5:27  Marine  
  34  5:34  Marine  
  35  5:40  Siege Tank  
  38  5:43  Marine  
  38  5:44  Marine  
  38  5:49  SCV  
  41  5:52  Marine  
  42  6:01  SCV  
  42  6:02  Marine  
  44  6:13  Siege Tank  
  44  6:17  Orbital Command  
  47  6:20  Marine, SCV  
  49  6:28  Supply Depot  
  49  6:32  SCV  
  50  6:38  Marine  
  51  6:44  SCV  
  43  6:56  SCV  
  30  7:08  SCV  
  28  7:22  Marine x2  
Show
View Real Time Build Order
Export as new Build Order

Throwfordays Zerg - Winner!

Build Orders: Hatch First 

Get SALT Encoding   

  12  0:01  Drone  
  13  0:08  Drone  
  14  0:39  Hatchery  
  14  0:41  Drone  
  14  0:54  Spawning Pool  
  13  0:57  Drone  
  14  1:05  Overlord  
  14  1:14  Extractor  
  14  1:15  Extractor  
  14  1:16  Drone  
  14  1:18  Drone  
  15  1:28  Drone  
  16  1:33  Overlord  
  16  1:40  Queen  
  16  1:44  Drone  
  19  1:53  Queen  
  21  1:57  Drone  
  21  2:00  Drone  
  23  2:05  Drone  
  25  2:08  Drone  
  25  2:13  Drone  
  26  2:16  Zergling x2  
  27  2:25  Zergling x2  
  28  2:35  Zergling x4  
  30  2:39  Zergling x2  
  31  2:45  Overlord  
  31  2:48  Drone  
  32  2:51  Zergling x6  
  32  2:57  Metabolic Boost  
  35  3:05  Drone  
  36  3:06  Drone x3  
  36  3:07  Drone  
  40  3:15  Overlord  
  40  3:19  Drone  
  41  3:38  Zergling x6  
  41  3:39  Zergling x4  
  41  3:41  Drone x5  
  51  4:02  Baneling Nest  
  49  4:03  Drone x2  
  49  4:09  Extractor  
  50  4:11  Lair  
  50  4:13  Drone  
  51  4:17  Extractor  
  51  4:18  Extractor  
  51  4:19  Drone x2  
  51  4:24  Overlord x2  
  51  4:25  Overlord  
  51  4:46  Drone x3  
  51  4:49  Drone x3  
  57  5:03  Zergling x2  
  57  5:04  Zergling x4  
  60  5:09  Zergling x8  
  60  5:12  Baneling x4  
  60  5:13  Baneling x3  
  64  5:18  Drone  
  65  5:21  Drone  
  65  5:22  Drone  
  65  5:27  Evolution Chamber, Centrifical Hooks  
  66  5:29  Evolution Chamber  
  66  5:32  Drone  
  66  5:53  Baneling x5  
  66  6:03  Zergling x6  
  66  6:04  Roach Warren  
  68  6:14  Zergling x4  
  68  6:15  Zergling x4  
  72  6:20  Overlord  
  72  6:21  Hatchery  
  72  6:23  Overlord  
  71  6:34  Baneling  
  71  6:35  Baneling x6  
  55  7:18  Zergling x2  
  55  7:19  Zergling x10  
  55  7:22  Zergling x8  
  64  7:23  Zergling x2  
Tags
 
League
Silver
Matchup
TvZ
Replay Pack
Multiplayer
Spawn Locations
Cross Positions
Add a new tag
Caveats
  • Supply blocks, unpowered buildings, or Contaminate may cause inaccurate times.
  • Supply counts are checked every 10 seconds.